 Dungeon Crawl Stone Soup version 0.24-a0-443-g80245de385 (webtiles) character file.

Game seed: 3991411314242739892

569 Murumi the Shield-Bearer (level 7, -5/84 HPs)
             Began as a Formicid Fighter on June 21, 2019.
             Was an Initiate of Cheibriados.
             Slain by a two-headed ogre
             ... wielding a +0 dire flail
              (11 damage)
             ... on level 5 of the Dungeon.
             The game lasted 00:13:19 (4684 turns).

Murumi the Shield-Bearer (Formicid Fighter)         Turns: 4684, Time: 00:13:20

Health: -5/84      AC: 23    Str: 23    XL:     7   Next: 60%
Magic:  7/7        EV:  2    Int:  8    God:    Cheibriados [......]
Gold:   134        SH: 11    Dex: 12    Spells: 6/6 levels left

rFire    . . .     SeeInvis .   a - +1 long sword
rCold    . . .     Gourm    .   c - +1 shield
rNeg     + + +     Faith    .   (armour currently unavailable)
rPois    +         Spirit   .   (helmet unavailable)
rElec    .         Reflect  .   (cloak currently unavailable)
rCorr    +         Harm     .   (gloves currently unavailable)
MR       .....                  (boots currently unavailable)
Stlth    +.........             (no amulet)
HPRegen  0.24/turn              s - ring of poison resistance
MPRegen  0.10/turn              o - ring of resist corrosion

@: tree-form (expiring), very slow
A: permanent stasis, dig shafts and tunnels, four strong arms
a: Bend Time, Renounce Religion


You were on level 5 of the Dungeon.
You worshipped Cheibriados.
Cheibriados was noncommittal.
You were near starving.
You were a tree.
You visited 2 branches of the dungeon, and saw 6 of its levels.

You collected 134 gold pieces.

Inventory:

Hand Weapons
 a - a +1 long sword (weapon)
Missiles
 h - 117 stones (quivered)
 n - a throwing net
 p - 47 bolts
Armour
 c - a +1 shield (worn)
 d - a +0 plate armour (melded)
 l - a +0 pair of gloves (melded)
Jewellery
 j - an uncursed ring of fire
 o - a ring of resist corrosion (right branch)
 s - a ring of poison resistance (left branch)
Scrolls
 g - 2 scrolls of identify
 i - 2 scrolls of magic mapping
 w - a scroll of enchant weapon
Potions
 b - 2 potions of curing
 e - a potion of lignification
 k - a potion of magic
 m - a potion of heal wounds
 q - 2 potions of mutation
 t - a potion of brilliance
 v - a potion of ambrosia
Comestibles
 f - 10 rations


   Skills:
 - Level 5.1 Fighting
 - Level 4.1 Long Blades
 - Level 5.1 Armour
 - Level 1.0 Dodging
 + Level 5.9 Shields


You had 6 spell levels left.
You didn't know any spells.
Your spell library was empty.

Dungeon Overview and Level Annotations

Branches:
Dungeon (5/15)             Temple (1/1) D:4

Altars:
Ashenzari
Cheibriados
Dithmenos
Elyvilon
Fedhas
Gozag
Hepliaklqana
Kikubaaqudgha
Makhleb
Nemelex Xobeh
Okawaru
Qazlal
Ru
Sif Muna
Trog
Vehumet
Wu Jian
Xom
Yredelemnul
Zin
The Shining One

Annotations:
D:5 Sigmund


Innate Abilities, Weirdness & Mutations

You cannot be hasted, slowed, berserked, paralysed or teleported.
You can dig through walls and to a lower floor.
Your four strong arms can wield two-handed weapons with a shield.
((You have a pair of large antennae on your head. (SInv)))


Message History

You hit the two-headed ogre but do no damage.
The two-headed ogre hits you but does no damage. x2
You hit the two-headed ogre but do no damage.
You block the two-headed ogre's attack.
The two-headed ogre hits you but does no damage.
A quokka skeleton comes into view.
You hit the two-headed ogre.
The two-headed ogre is lightly wounded.
You block the two-headed ogre's attack.
The two-headed ogre hits you with a +1 dire flail of protection.
The two-headed ogre hits you with a +0 dire flail.
* * * LOW HITPOINT WARNING * * *
The two-headed ogre hits you but does no damage.
You hit the two-headed ogre but do no damage.
The two-headed ogre is lightly wounded.
Your transformation is almost over.
The two-headed ogre hits you with a +0 dire flail!
* * * LOW HITPOINT WARNING * * *
The two-headed ogre hits you with a +1 dire flail of protection!
You die...

### ...
..# # #.##
.#
#.##..##
#><....#
##†##....#
#♣## ...#
#.hO## .>#
###hl { .#
#Z .. ..h
. #. #. #.


You could see a two-headed ogre, 2 jackals and a quokka skeleton.

Vanquished Creatures
  An orc warrior (D:3)
  An ogre (D:4)
  A howler monkey (D:5)
  An orc priest (D:3)
  2 orc wizards (D:3)
  A worker ant zombie (D:4)
  8 gnolls
  7 adders
  4 oozes (D:3)
  An adder skeleton (D:4)
  4 worms
  3 dart slugs
  4 leopard geckos
  7 orcs (D:3)
  6 giant cockroaches
  6 goblins
  6 hobgoblins
  3 jackals (D:4)
  2 kobolds (D:1)
  A quokka (D:3)
  2 bats
  9 frilled lizards
  A leopard gecko skeleton (D:4)
  6 rats
87 creatures vanquished.

Notes
Turn   | Place    | Note
-------+----------+-------------------------------------------
     0 | D:1      | Murumi the Formicid Fighter began the quest for the Orb.
     0 | D:1      | Reached XP level 1. HP: 18/18 MP: 1/1
   143 | D:1      | Reached skill level 1 in Dodging
   147 | D:1      | Reached XP level 2. HP: 18/24 MP: 2/2
   367 | D:1      | Reached XP level 3. HP: 29/29 MP: 3/3
  1020 | D:2      | Reached XP level 4. HP: 34/37 MP: 4/4
  1941 | D:3      | Reached XP level 5. HP: 40/42 MP: 5/5
  2343 | D:3      | Reached skill level 5 in Shields
  2475 | D:3      | Reached XP level 6. HP: 30/48 MP: 6/6
  2764 | D:3      | Noticed an orc warrior
  2780 | D:3      | Killed an orc warrior
  2780 | D:3      | Reached skill level 5 in Fighting
  2886 | D:3      | Reached XP level 7. HP: 16/56 MP: 7/7
  3555 | D:4      | Reached skill level 5 in Armour
  3791 | D:4      | Found a staircase to the Ecumenical Temple.
  3800 | Temple   | Entered the Ecumenical Temple
  3805 | Temple   | Became a worshipper of Cheibriados the Contemplative
  4568 | D:5      | Entered Level 5 of the Dungeon
  4613 | D:5      | Noticed Sigmund
  4668 | D:5      | Noticed a two-headed ogre
  4684 | D:5      | Slain by a two-headed ogre

Levels and vault maps discovered:
D:1:      kennysheep_arrival_forest, layout_loops_ring, minmay_ruptured
D:2:      layout_loops_ring, minivault_4
D:3:      layout_loops_corners, minmay_crystal_water
D:4:      layout_basic, minmay_temple_entry_tees, first_ration
D:5:      layout_loops_ring, serial_shops, kennysheep_mini, basic_altar,
          uniq_sigmund
Temple:   compressed_dpeg_triangle_lava_temple

Skill      XL: |  1  2  3  4  5  6  7 |
---------------+----------------------+-----
Dodging        | 1 |  1.0
Shields        | 4 5 |  5.9
Long Blades    | 3 4 |  4.1
Fighting       | 4 5 |  5.1
Armour         | 4 5 |  5.1

Action                   |  1- 3 |  4- 6 |  7- 9 || total
-------------------------+-------+-------+-------++-------
Melee: Long sword        |    77 |   137 |    63 ||   277
Throw: Stone             |    45 |    46 |       ||    91
       Boomerang         |       |    21 |    25 ||    46
       Throwing net      |       |     1 |       ||     1
 Abil: Dig               |       |     4 |     1 ||     5
  Use: Scroll            |     8 |     7 |     1 ||    16
       Potion            |       |     1 |     1 ||     2
  Eat: Chunk             |       |     7 |     5 ||    12
Armor: Scale mail        |    24 |    31 |       ||    55
       Plate armour      |       |     1 |    29 ||    30
       Skin              |       |       |     6 ||     6
Dodge: Dodged            |    18 |    25 |    15 ||    58
Block: Shield            |    24 |    71 |    39 ||   134
       Rpst.: Long sword |     5 |     9 |     4 ||    18

Table legend:
 A = Non-vault XP
 B = Vault XP
 C = Vault XP percentage of total XP
 D = Non-vault monster count
 E = Vault monster count
 F = Vault count percentage of total count
                 A         B        C        D         E       F
            +---------+---------+-------+---------+---------+-------
      Total |     807 |       7 |   0.9 |      83 |       4 |   4.6
            +---------+---------+-------+---------+---------+-------
        D:1 |      23 |       7 |  23.3 |      12 |       4 |  25.0
        D:2 |     106 |       0 |   0.0 |      24 |       0 |   0.0
        D:3 |     397 |       0 |   0.0 |      32 |       0 |   0.0
        D:4 |     213 |       0 |   0.0 |      13 |       0 |   0.0
        D:5 |      68 |       0 |   0.0 |       2 |       0 |   0.0
            +---------+---------+-------+---------+---------+-------
